 Dungeon Crawl Stone Soup version 0.29.1 (webtiles) character file.

Game seed: 17441885409552212851

18 ILmort the Trooper (level 2, -1/24 HPs)
             Began as a Demonspawn Fighter on Sept 14, 2022.
             Succumbed to a gnoll's poison
             ... on level 1 of the Dungeon.
             The game lasted 00:00:42 (358 turns).

ILmort the Trooper (Demonspawn Fighter)              Turns: 358, Time: 00:00:43

Health: -1/24      AC:  6    Str: 16    XL:     2   Next: 48%
Magic:  2/2        EV:  8    Int:  9    God:
Gold:   64         SH:  4    Dex: 12    Spells: 1/1 levels left

rFire   . . .      SeeInvis .   a - +0 rapier
rCold   . . .      Faith    .   c - +0 buckler
rNeg    . . .      Spirit   .   b - +0 scale mail
rPois   .          Reflect  .   (no helmet)
rElec   .          Harm     .   (no cloak)
rCorr   .          Rampage  .   (no gloves)
Will    .....                   (no boots)
Stlth   ..........              (no amulet)
HPRegen 0.08/turn               (no ring)
MPRegen 0.08/turn               (no ring)

@: lethally poisoned (-1 -> -14)
A: demonic guardian 1
a: no special abilities


You were on level 1 of the Dungeon.
You visited 1 branch of the dungeon, and saw 1 of its levels.

You collected 64 gold pieces.

Inventory:

Hand Weapons
 a - a +0 rapier (weapon)
Missiles
 g - 2 poisoned darts (quivered)
Armour
 b - a +0 scale mail (worn)
 c - a +0 buckler (worn)
Scrolls
 e - a scroll of enchant weapon {unknown}
 f - a scroll of summoning {unknown}
Potions
 d - a potion of might


   Skills:
 + Level 3.3 Fighting
 * Level 2.5 Short Blades
 - Level 2.6 Armour
 - Level 2.6 Shields


You had one spell level left.
You didn't know any spells.
Your spell library was empty.

Dungeon Overview and Level Annotations

Branches:
Dungeon (1/15)

Altars:


Innate Abilities, Weirdness & Mutations

A weak demonic guardian rushes to your aid.


Message History

You barely miss the hobgoblin. The hobgoblin hits you.
You barely miss the hobgoblin. The hobgoblin closely misses you.
You hit the hobgoblin. The hobgoblin hits you.
You hit the hobgoblin.
You kill the hobgoblin!
You see here a hobgoblin corpse.
You now have 49 gold pieces (gained 9).
You see here a hobgoblin corpse.
Found a stone staircase leading down.
Found a hand axe.
You now have 64 gold pieces (gained 15).
A goblin comes into view. It is wielding a +0 club.
The goblin shouts!
You hit the goblin. The goblin hits you with a +0 club.
You hit the goblin.
You kill the goblin!
A gnoll comes into view. It is wielding a +1 whip of venom.
You have reached level 2!
Your demonic ancestry asserts itself...
You feel the presence of a demonic guardian.
An endoplasm comes into view.
There are monsters nearby!
You start resting.
A gnoll is nearby!
A gnoll is nearby!
You hit the gnoll.
The gnoll hits you with a +1 whip of venom.
You hit the gnoll.
The gnoll hits you with a +1 whip of venom.
You are poisoned.
The gnoll hits you with a +1 whip of venom.
* * * LOW HITPOINT WARNING * * *
You are more poisoned.
You hit the gnoll.
You kill the gnoll!
* * * LOW HITPOINT WARNING * * *
You feel very sick.
There is a lethal amount of poison in your body!
Okay, then.
You die...

# #..##.# .....# ...#
#.# #....# #...## #†#
#J...# #..# #.## #....#
#..# #..# # .g.. ##..#
###♣♣.♣# ##.##..
##)..##..♣♣P..#
+....)####.......♣♣♣P.♣#
#..##@......♣♣P...♣
##.##)......♣♣..P.♣
#.............♣.♣♣
####.......♣P♣♣♣♣
#.#...##....
#....##...##..
####...>..# ... .......#
.. .###....# #


There were no monsters in sight!

Vanquished Creatures
  A gnoll (D:1)
  A ball python (D:1)
  An endoplasm (D:1)
  3 hobgoblins (D:1)
  A goblin (D:1)
  A rat (D:1)
8 creatures vanquished.

Notes
Turn   | Place    | Note
-------+----------+-------------------------------------------
     0 | D:1      | ILmort the Demonspawn Fighter began the quest for the Orb.
     0 | D:1      | Reached XP level 1. HP: 18/18 MP: 1/1
   344 | D:1      | Gained mutation: A weak demonic guardian rushes to your
                  | aid. [demonic ancestry]
   344 | D:1      | Reached XP level 2. HP: 22/24 MP: 2/2
   358 | D:1      | Succumbed to a gnoll's poison

Illustrated notes

Levels and vault maps discovered:
D:1:      lemuel_arrival_muddy, layout_rooms,
          shapermc_ecumenical_altar_flowoftime, serial_forest,
          infiniplex_forest_side_room, infiniplex_forest_lined_room_2,
          infiniplex_forest_end_1, infiniplex_forest_corner_2,
          infiniplex_forest_lined_ring, infiniplex_forest_lined_1,
          infiniplex_forest_lined_corner, infiniplex_forest_lined_2,
          interstate_on_off, minmay_tiny_reverse_x

Skill      XL: |  1 |
---------------+----+-----
Short Blades   | 2 |  2.5
Fighting       | |  3.3
Armour         | |  2.6
Shields        | |  2.6

Action                   || total
-------------------------++-------
Melee: Rapier            ||    29
Armor: Scale mail        ||    11
Dodge: Dodged            ||     5
Block: Buckler           ||     3
